 Dungeon Crawl Stone Soup version 0.27-a0-406-g23f261fbd2 (webtiles) character file.

Game seed: 14655668829858372205

102 dickylongcocking the Insei (level 4, 0/30 HPs)
             Began as an Octopode Transmuter on Feb 22, 2021.
             Was a Follower of Nemelex Xobeh.
             Slain by Purgy (1 damage)
             ... in a sewer.
             The game lasted 00:02:51 (3071 turns).

dickylongcocking the Insei (Octopode Transmuter)    Turns: 3071, Time: 00:02:52

Health: 0/30       AC:  1    Str:  7 (9)  XL:     4   Next: 78%
Magic:  7/7        EV: 13    Int: 13 (15) God:    Nemelex Xobeh [*.....]
Gold:   111        SH:  0    Dex: 10 (13) Spells: 6/7 levels left

rFire    . . .     SeeInvis .     - Unarmed
rCold    . . .     Faith    .   (no shield)
rNeg     . . .     Spirit   .   (helmet restricted)
rPois    .         Reflect  .   (no amulet)
rElec    .         Harm     .   (no ring)
rCorr    .         Rampage  .   (no ring)
Will     .....                  (no ring)
Stlth    +++.......             (no ring)
HPRegen  0.10/turn              (no ring)
MPRegen  0.10/turn              (no ring)
                                (no ring)
                                (no ring)

@: mighty
A: almost no armour, stealthy swim, amphibious, 8 rings, constrict 8, camouflage
1, gelatinous body 1
a: Renounce Religion, Draw Escape, Draw Destruction, Draw Summoning


You were in a sewer.
You worshipped Nemelex Xobeh.
Nemelex Xobeh was aware of your devotion.
You visited 1 branch of the dungeon, and saw 3 of its levels.
You also visited: Sewer.

You collected 111 gold pieces.

Inventory:

Wands
 o - a wand of digging (3)
Scrolls
 c - a scroll of noise {unknown}
 d - a scroll of enchant weapon {unknown}
 e - 2 scrolls of random uselessness
 g - a scroll of teleportation {unknown}
 i - 2 scrolls of identify {unknown}
 k - a scroll of enchant armour {unknown}
 l - a scroll of immolation {unknown}
 m - a scroll of magic mapping {unknown}
 r - 2 scrolls of blinking {unknown}
 s - a scroll of fear {unknown}
Potions
 a - a potion of invisibility {unknown}
 b - a potion of lignification {unknown}
 f - a potion of degeneration
 h - a potion of magic {unknown}
 j - a potion of flight
 n - a potion of haste {unknown}
 p - a potion of brilliance {unknown}
 q - a potion of might


   Skills:
 * Level 2.5 Fighting
 - Level 2.0 Dodging
 + Level 2.1 Stealth
 * Level 3.9 Unarmed Combat
 - Level 2.0 Spellcasting
 - Level 2.0 Transmutations
 * Level 1.7 Invocations


You had 6 spell levels left.
You knew the following spells:

 Your Spells              Type           Power        Failure   Level
a - Beastly Appendage     Tmut           12%          11%         1

Your spell library contained the following spells:

 Spells                   Type           Power        Failure   Level
 Wereblood                Tmut           6%           17%         2
 Spider Form              Tmut/Pois      1%           45%         3
 Ice Form                 Ice/Tmut       3%           86%         4
 Blade Hands              Tmut           3%           97%         5


Dungeon Overview and Level Annotations

Branches:
Dungeon (3/15)              Sewer (1/1)

Altars:
Nemelex Xobeh
Uskayaw

Annotations:
Sewer Purgy


Innate Abilities, Weirdness & Mutations

You cannot wear most types of armour.
You are very stealthy in the water. (Stealth+)
You are amphibious.
You can wear up to eight rings at the same time.
You can use your tentacles to constrict eight enemies at once.
Your skin changes colour to match your surroundings (Stealth+).
Your rubbery body absorbs attacks. (AC +1, EV +1)


Message History

r - 2 scrolls labelled CUIJEKH DAIXEF (gained 1)
s - a scroll labelled WET AJAKKUC No target in view!
Purgy the Meek comes into view.
Found a falchion and 10 gold pieces.
Found 15 gold pieces.
Purgy is nearby!
You aren't carrying any pieces of jewellery.
Unknown command.
Purgy is nearby!
Purgy bites you. Purgy claws you. x2
Found a forked wooden wand.
Purgy is nearby!
You tentacle-slap Purgy.
Purgy is lightly wounded.
Purgy completely misses you. Purgy claws you. x2
Purgy is nearby!
Okay, then.
You feel very mighty all of a sudden. Purgy bites you. Purgy claws you.
* * * LOW HITPOINT WARNING * * *
Purgy claws you.
* * * LOW HITPOINT WARNING * * *
Unknown command.
Okay, then.
Okay, then.
Okay, then.
There is a gate leading back out of this place here.
Okay, then.
Okay, then.
Okay, then.
Okay, then.
Okay, then.
As you read the scroll labelled OCAL DOD SEG, it crumbles to dust.
The dust glows mottled silver!
It was a scroll of random uselessness.
Purgy bites you!
* * * LOW HITPOINT WARNING * * *
Purgy closely misses you. Purgy claws you.
You die...
Your body disappears without a glow.

#≈# ####.####
#####...≈...####
#≈≈≈≈≈≈≈≈≈≈≈≈≈≈#
#####.))....####
#######..#..###
#...#....#....#
#........#.∩T.#
#####....#..@.#
###########


You could see Purgy.

Vanquished Creatures
  2 river rats (D:3)
  3 adders (D:2)
  2 oozes
  A worm (D:2)
  A dart slug (D:2)
  3 leopard geckos
  A ball python (D:1)
  A bat (D:1)
  2 giant cockroaches
  4 goblins
  5 hobgoblins
  2 jackals (Sewer)
  A quokka (D:2)
  3 frilled lizards
  7 kobolds
  6 rats
44 creatures vanquished.

Notes
Turn   | Place    | Note
-------+----------+-------------------------------------------
     0 | D:1      | dickylongcocking the Octopode Transmuter began the quest
                  | for the Orb.
     0 | D:1      | Reached XP level 1. HP: 13/13 MP: 3/3
   552 | D:1      | Reached XP level 2. HP: 18/18 MP: 5/5
   671 | D:1      | Reached skill level 1 in Stealth
   698 | D:1      | Found a sparkling altar of Nemelex Xobeh.
   732 | D:1      | Became a worshipper of Nemelex Xobeh the Trickster
  1497 | D:2      | Reached XP level 3. HP: 20/24 MP: 6/6
  2000 | D:2      | Reached skill level 1 in Invocations
  2048 | D:2      | Noticed a +0 hand axe
  2049 | D:2      | Noticed a +0 hand axe
  2052 | D:2      | Found a hide-covered altar of Uskayaw.
  2102 | D:2      | Reached XP level 4. HP: 29/29 MP: 7/7
  2321 | D:3      | Reached * piety under Nemelex Xobeh
  2331 | D:3      | Found a glowing drain.
  2607 | Sewer    | Entered a sewer
  3040 | Sewer    | Noticed Purgy
  3071 | Sewer    | HP: 1/30 [Purgy (7)]
  3071 | Sewer    | Slain by Purgy

Illustrated notes

Levels and vault maps discovered:
D:1:      ncdulo_lavacross, layout_basic, nemelex_altar_shiori
D:2:      layout_rooms, dancing_weapons_uskayaw
D:3:      kennysheep_six_static_rooms, layout_loops_ring,
          overflow_temple_1_default, portal_sewer_entry_c
Sewer:    sewer_the_moccasin

Skill      XL: |  1  2  3  4 |
---------------+-------------+-----
Stealth        | 1 2 |  2.1
Fighting       | 2 |  2.5
Invocations    | 1 |  1.7
Dodging        | |  2.0
Unarmed Combat | |  3.9
Spellcasting   | |  2.0
Transmutations | |  2.0

Action                   |  1- 3 |  4- 6 || total
-------------------------+-------+-------++-------
Melee: Unarmed           |    70 |    48 ||   118
       Constrict         |    20 |     9 ||    29
       Tentacles         |    13 |     3 ||    16
       Punch             |       |     1 ||     1
  Use: Potion            |       |     5 ||     5
       Scroll            |       |     1 ||     1
 Stab: Sleeping          |     8 |       ||     8
Armor: Skin              |     5 |     1 ||     6
Dodge: Dodged            |    38 |    40 ||    78

Table legend: (Time is in decaauts)
 A = Elapsed time spent in this place.
 B = Non-inter-level travel time spent in this place.
 C = Inter-level travel time spent in this place.
 D = Time resting spent in this place.
 E = Time spent auto-exploring this place.
 F = Levels seen in this place.
 G = Mean time per level.
                   A        B        C        D        E       F      G
               +--------+--------+--------+--------+--------+-----+--------+
         Total |   3063 |   3032 |     31 |    567 |   2063 |   4 |  765.8 |
       Dungeon |   2600 |   2569 |     31 |    313 |   1908 |   3 |  866.7 |
         Sewer |    462 |    462 |      0 |    254 |    155 |   1 |  462.0 |
               +--------+--------+--------+--------+--------+-----+--------+

Top non-repeatable levels by time:
     D:1: 1439 daAuts
     D:2: 1100 daAuts
   Sewer: 462 daAuts
     D:3: 61 daAuts
